AoeStats
← Sparten gio

Glade

503729435Analyzed
1v1 RM · 1mo ago on Sep 2, 2026· 48m 59s· 2 players
Game mode
Random Map
Map size
Tiny (2 player)
Population
200
Speed
Normal
Resources
Standard
Victory
Conquest
Starting age
Dark Age
Ending age
Imperial Age
RankedLock teamsTeams togetherTeam positionsShared explorationLock speedFull tech treeHidden civsTurbo modeCheats
Victory
Defeat
🇺🇸 Persians · United States
875
+15
🇫🇷 Bohemians · France
863
-15
wahsoul
1:12 Loom
12:34 Feudal Age
15:50 Double-Bit Axe
24:57 Castle Age
25:49 Crossbowman
31:43 Bow Saw
32:25 Horse Collar
33:36 Ballistics
33:12 Murder Holes
34:30 Wheelbarrow
37:05 Chemistry
42:17 Imperial Age
43:09 Forging
42:49 Fletching
43:00 Padded Archer Armor
43:55 Block Printing
44:18 Theocracy
44:47 Iron Casting
45:49 Houfnice
47:41 Arbalester
49:03 Conscription
Sparten gio
10:10 Feudal Age
10:30 Loom
10:41 Double-Bit Axe
11:01 Horse Collar
18:55 Castle Age
20:16 Fletching
21:06 Bodkin Arrow
29:15 Forging
34:05 Imperial Age
36:07 Scale Barding Armor
36:52 Bow Saw
36:47 Husbandry
38:18 Kamandaran
38:54 Padded Archer Armor
40:56 Two-Man Saw
40:02 Heavy Plow
40:22 Thumb Ring
39:47 Crossbowman
42:31 Ballistics
43:43 Conscription
45:31 Gold Mining
46:15 Chain Barding Armor
46:32 Iron Casting
47:23 Chemistry
47:04 Leather Archer Armor
48:26 Gold Shaft Mining
Connection lost

Rejoining the realm…

Still unreachable

The connection could not be restored.

Session expired

The server has moved on; the page needs a fresh start.